 Dungeon Crawl Stone Soup version 0.29-a0-721-g7f417c9bbb (webtiles) character file.

Game seed: 2515011962831267791

10265 indigestion the Thaumaturge (level 11, -8/68 HPs)
             Began as a Human Fire Elementalist on June 27, 2022.
             Was a Believer of Sif Muna.
             Mangled by a black mamba (14 damage)
             ... on level 1 of the Lair of Beasts on June 28, 2022.
             The game lasted 01:04:36 (14815 turns).

indigestion the Thaumaturge (HuFE)                 Turns: 14815, Time: 01:04:37

Health: -8/68      AC:  8    Str:  9    XL:     11   Next: 89%
Magic:  16/23      EV: 15    Int: 18    God:    Sif Muna [**....]
Gold:   423        SH:  0    Dex: 13    Spells: 21/27 levels left

rFire   . . .      SeeInvis .   n - +7 short sword of Traps {spect, rPois Will+}
rCold   . . .      Faith    .   (no shield)
rNeg    . . .      Spirit   .   Q - +0 acid dragon scales
rPois   +          Reflect  .   v - +0 helmet
rElec   .          Harm     .   (no cloak)
rCorr   +          Rampage  .   P - +0 pair of gloves
Will    +....                   (no boots)
Stlth   ++........              (no amulet)
HPRegen 1.01/turn               A - +4 ring of slaying
MPRegen 0.18/turn               y - +4 ring of evasion

@: very slightly contaminated
A: dopey 1, regeneration 1
a: Renounce Religion, Channel Magic


You were on level 1 of the Lair of Beasts.
You worshipped Sif Muna.
Sif Muna was pleased with you.
You visited 4 branches of the dungeon, and saw 14 of its levels.

You collected 636 gold pieces.
You spent 213 gold pieces at shops.

Inventory:

Hand Weapons
 c - a +1 halberd of venom
 i - a +1 spear of venom
 n - the +7 short sword of Traps (weapon) {spect, rPois Will+}
   (You found it on level 11 of the Dungeon)

   When its wielder attacks, the weapon's spirit leaps out and strikes again.
   The spirit shares a part of any damage it takes with its wielder.
   rPois:     It protects you from poison.
   Will:      It increases your willpower.
 s - a +0 long sword
 x - a +3 dagger of venom
 F - a +2 whip of freezing
Armour
 v - a +0 helmet (worn)
 E - +1 steam dragon scales
 M - a +2 scale mail of fire resistance
 P - a +0 pair of gloves (worn)
 Q - +0 acid dragon scales (worn)
Jewellery
 f - a ring of ice
 y - a +4 ring of evasion (right hand)
 z - a +6 ring of strength
 A - a +4 ring of slaying (left hand)
 C - a ring of poison resistance
 J - a ring of resist corrosion
Wands
 h - a wand of mindburst (16)
 k - a wand of flame (30)
 t - a wand of charming (15)
 H - a wand of iceblast (9)
 I - a wand of polymorph (7)
Scrolls
 a - 4 scrolls of amnesia
 g - a scroll of poison
 m - a scroll of silence {unknown}
 q - 3 scrolls of teleportation
 r - a scroll of immolation {unknown}
 u - 4 scrolls of fog
 D - a scroll of fear
 K - a scroll of enchant armour
 N - a scroll of enchant weapon {unknown}
 O - a scroll of noise {unknown}
Potions
 b - 2 potions of magic
 d - a potion of resistance
 e - 5 potions of heal wounds
 j - a potion of haste {unknown}
 l - 2 potions of curing
 o - 4 potions of might
 p - 2 potions of cancellation
 w - 4 potions of lignification
 B - a potion of berserk rage
 G - a potion of ambrosia
 L - a potion of brilliance


   Skills:
 - Level 2.1 Dodging
 - Level 2.1 Stealth
 - Level 8.7 Spellcasting
 - Level 7.0 Conjurations
 - Level 5.0 Hexes
 - Level 5.0 Transmutations
 - Level 7.5 Fire Magic
 - Level 5.0 Earth Magic
 + Level 8.4 Invocations


You had 21 spell levels left.
You knew the following spells:

 Your Spells              Type           Power      Damage    Failure   Level
a - Foxfire               Conj/Fire      100%       2x1d9     1%          1
b - Inner Flame           Hex/Fire       30%        N/A       3%          3
c - Passwall              Tmut/Erth      21%        N/A       2%          2

Your spell library contained the following spells:

 Spells                   Type           Power      Damage    Failure   Level
 Scorch                   Fire           70%        2d8       1%          2
 Conjure Flame            Conj/Fire      34%        6-21      2%          3
 Confusing Touch          Hex            25%        N/A       6%          3
 Flame Wave               Conj/Fire      34%        2d8       8%          4
 Ensorcelled Hibernation  Hex/Ice        32%        N/A       9%          2
 Ignite Poison            Fire/Tmut/Pois 23%        N/A       9%          3
 Apportation              Tloc           14%        N/A       16%         1
 Mephitic Cloud           Conj/Pois/Air  16%        N/A       17%         3
 Swiftness                Air            7%         N/A       41%         3
 Yara's Violent Unravell  Hex/Tmut       13%        3d7       47%         5
 Alistair's Intoxication  Tmut/Pois      11%        N/A       83%         5
 Freezing Cloud           Conj/Ice/Air   8%         6-21      85%         5
 Enfeeble                 Hex            12%        N/A       100%        7


Dungeon Overview and Level Annotations

Branches:
Dungeon (11/15)            Temple (1/1) D:7            Lair (1/6) D:11
    Orc (1/2) D:10

Altars:
Ashenzari
Cheibriados
Dithmenos
Elyvilon
Fedhas
Gozag
Hepliaklqana
Kikubaaqudgha
Makhleb
Nemelex Xobeh
Okawaru
Qazlal
Ru
Sif Muna
Trog
Uskayaw
Vehumet
Wu Jian
Xom
Yredelemnul
Zin
The Shining One

Shops:
D:1 !   D:8 ?

Annotations:
D:5 1 transporter, zhov's ghost, novice FoHu
D:8 3 runed translucent doors, pigah's ghost, journeyman OpAE
D:11 Fannar


Innate Abilities, Weirdness & Mutations

You are dopey. (Int -2)
Your natural rate of healing is unusually fast.


Message History

The black mamba bites you but does no damage.
The water moccasin bites you.
You are poisoned.
The water moccasin poisons you! The black mamba misses you.
Casting: Foxfire (safe; 1% risk of failure)
Confirm with . or Enter, or press ? or * to list all spells.
Aiming: Inner Flame (dangerous; 3% risk of failure)
Press: ? - help, Dir - move target, f - water moccasin, p - black mamba
Aim: a water moccasin (moderately wounded, ally target, chance to affect: 84%)
You miscast Inner Flame.
You are very lightly contaminated with residual magic.
Nothing appears to happen.
You feel very sick.
The foxfire hits the water moccasin!
The water moccasin is heavily wounded.
The foxfire hits the water moccasin!
The water moccasin is almost dead.
The black mamba bites you! The water moccasin barely misses you.
The black mamba barely misses you. The water moccasin bites you.
You feel very sick.
The black mamba bites you but does no damage.
You feel very sick. The water moccasin bites you.
The black mamba barely misses you.
The water moccasin attacks as you move away!
The water moccasin misses you.
You feel sick.
The black mamba attacks as you move away!
The black mamba closely misses you.
You feel sick. The black mamba bites you.
You are more poisoned.
The black mamba poisons you!
You feel very sick. The black mamba bites you!
* * * LOW HITPOINT WARNING * * *
The water moccasin bites you but does no damage.
There is a staircase back to the Dungeon here.
You feel better. The black mamba bites you!
* * * LOW HITPOINT WARNING * * *
The water moccasin bites you.
* * * LOW HITPOINT WARNING * * *
The black mamba bites you!
You die...

##....# P.....
#...... #?....
#....#
#.....####....#
##.....#.##....#
...............##
................#
...............##
#......S@#
#......S.#
##....#.###
#.....### #.....#
##....# ####.#
###


You could see a black mamba (inner flame) and a water moccasin.

Vanquished Creatures
  Pikel (D:6)
  A cyclops (D:11)
  Maggie (D:6)
  2 kobold demonologists (D:10)
  A troll (D:10)
  A hornet (D:10)
  Grinder (D:6)
  2 wyverns (D:11)
  19 yaks
  2 basilisks (D:11)
  5 vampire mosquitoes (D:11)
  2 steam dragons
  An acid dragon (D:11)
  A warg (D:10)
  4 water moccasins
  Duvessa (D:6)
  3 orc warriors
  2 ice beasts (D:6)
  2 black bears (D:6)
  An ogre (D:5)
  4 centaurs
  3 kobold brigands
  2 bullfrogs
  2 necrophages (D:6)
  4 gnoll sergeants
  2 scorpions
  Dowan (D:6)
  7 killer bees (D:9)
  8 howler monkeys
  2 gnoll shamans (D:8)
  An orc priest (D:8)
  3 hounds
  2 iguanas (D:5)
  4 orc wizards
  24 gnolls
  7 adders
  2 shadow imps
  4 dart slugs
  16 orcs
  6 ball pythons
  A bat (D:1)
  5 endoplasms
  A giant cockroach (D:1)
  4 goblins
  4 hobgoblins
  8 jackals
  5 quokkas
  3 frilled lizards (D:1)
  30 kobolds
  4 rats
  A bush (D:11)
223 creatures vanquished.

Vanquished Creatures (others)
  A bush (D:11)
  721 foxfires
  4 fungi (D:11)
  16 plants (D:11)
742 creatures vanquished.

Grand Total: 965 creatures vanquished

Notes
Turn   | Place    | Note
-------+----------+-------------------------------------------
     0 | D:1      | indigestion the Human Fire Elementalist began the quest for
                  | the Orb.
     0 | D:1      | Reached XP level 1. HP: 13/13 MP: 3/3
   210 | D:1      | Reached XP level 2. HP: 11/19 MP: 5/5
   425 | D:1      | Found Qanumpak's Distillery.
  1231 | D:1      | Reached XP level 3. HP: 24/24 MP: 3/6
  2605 | D:3      | Reached XP level 4. HP: 30/30 MP: 3/7
  2899 | D:3      | Learned a level 3 spell: Inner Flame
  3025 | D:3      | Found an ornate altar of the Wu Jian Council.
  3654 | D:3      | Found a faded altar of an unknown god.
  3702 | D:4      | Identified the +4 ring mail of Erualy {-Cast Harm rPois
                  | Str+7}
  3742 | D:4      | Reached XP level 5. HP: 35/35 MP: 6/9
  3842 | D:4      | You fall into a shaft and drop 2 floors!
  3878 | D:6      | Noticed Dowan
  3895 | D:5      | Entered Level 5 of the Dungeon
  3924 | D:5      | Noticed an ogre
  3938 | D:5      | Killed an ogre
  3939 | D:5      | Reached skill level 1 in Hexes
  3939 | D:5      | Reached XP level 6. HP: 41/41 MP: 4/10
  4447 | D:5      | Found a white marble altar of Elyvilon.
  4447 | D:5      | Found a stormy altar of Qazlal.
  4658 | D:5      | Found a transporter.
  4663 | D:5      | Found a transporter.
  4664 | D:5      | Noticed zhov's ghost (novice FoHu)
  4839 | D:5      | Reached XP level 7. HP: 46/46 MP: 8/12
  5238 | D:1      | Bought a potion of mutation for 88 gold pieces
  5238 | D:1      | Bought a potion of berserk rage for 55 gold pieces
  5238 | D:1      | Gained mutation: You have hidden genetic potential. [potion
                  | of mutation]
  6101 | D:6      | Noticed a steam dragon
  6383 | D:6      | Noticed Grinder
  6386 | D:6      | Paralysed by Grinder for 5 turns
  6400 | D:6      | Killed Grinder
  6401 | D:6      | Reached XP level 8. HP: 42/52 MP: 3/14
  6417 | D:6      | Gained mutation: You have sharp toenails. [hidden
                  | potential]
  6515 | D:6      | Lost mutation: You have sharp toenails. [potion of
                  | mutation]
  6515 | D:6      | Lost mutation: You have hidden genetic potential. [potion
                  | of mutation]
  6515 | D:6      | Gained mutation: You are dopey. (Int -2) [potion of
                  | mutation]
  6515 | D:6      | Gained mutation: Your natural rate of healing is unusually
                  | fast. [potion of mutation]
  6538 | D:6      | Reached skill level 5 in Fire Magic
  6541 | D:6      | Learned a level 2 spell: Passwall
  6590 | D:6      | Noticed Maggie
  6612 | D:6      | Killed Maggie
  6684 | D:6      | Reached skill level 5 in Hexes
  6825 | D:6      | Noticed Duvessa
  6833 | D:6      | Killed Duvessa
  6834 | D:6      | Reached skill level 5 in Spellcasting
  6834 | D:6      | Reached skill level 5 in Conjurations
  6837 | D:6      | Killed Dowan
  6838 | D:6      | Reached XP level 9. HP: 14/57 MP: 5/16
  6888 | D:6      | Noticed Pikel
  6904 | D:6      | Killed Pikel
  7056 | D:6      | Found an ancient bone altar of Kikubaaqudgha.
  8194 | D:6      | Reached skill level 1 in Transmutations
  8194 | D:6      | Reached skill level 1 in Earth Magic
  8205 | D:6      | Reached XP level 10. HP: 63/63 MP: 6/21
  8743 | D:7      | Found a staircase to the Ecumenical Temple.
  9691 | D:8      | Reached skill level 5 in Transmutations
  9691 | D:8      | Reached skill level 5 in Earth Magic
  9754 | D:8      | Found a runed translucent gate.
  9754 | D:8      | Found a runed translucent gate.
  9755 | D:8      | Found a runed translucent gate.
  9802 | D:8      | Noticed pigah's ghost (journeyman OpAE)
  9880 | D:8      | Found Gekk's Magic Scroll Shoppe.
  9888 | D:8      | Bought a scroll of teleportation for 30 gold pieces
  9888 | D:8      | Bought a scroll of identify for 20 gold pieces
  9888 | D:8      | Bought a scroll of identify for 20 gold pieces
  9964 | D:8      | Found a glowing silver altar of Zin.
 10094 | D:8      | Found a broken altar of Ashenzari.
 10094 | D:8      | Found a hide-covered altar of Uskayaw.
 10136 | D:8      | Found a sacrificial altar of Ru.
 10316 | Temple   | Entered the Ecumenical Temple
 10572 | Temple   | Became a worshipper of Sif Muna the Loreminder
 11571 | D:9      | Reached * piety under Sif Muna
 11579 | D:9      | Reached XP level 11. HP: 42/68 MP: 11/23
 12072 | D:10     | Entered Level 10 of the Dungeon
 12142 | D:10     | Found a basalt altar of Yredelemnul.
 12488 | D:10     | Found a staircase to the Orcish Mines.
 12517 | D:10     | Noticed a sun demon
 13535 | D:11     | Identified the +7 short sword of Traps {spect, rPois Will+}
 13585 | D:11     | Noticed a cyclops
 13615 | D:11     | Killed a cyclops
 13616 | D:11     | Reached skill level 5 in Invocations
 13800 | Orc:1    | Entered Level 1 of the Orcish Mines
 13819 | Orc:1    | Noticed an orc high priest
 14039 | D:11     | Noticed Fannar
 14285 | D:11     | Reached ** piety under Sif Muna
 14721 | D:11     | Found a staircase to the Lair.
 14786 | Lair:1   | Entered Level 1 of the Lair of Beasts
 14815 | Lair:1   | Mangled by a black mamba

Illustrated notes

Levels and vault maps discovered:
D:1:      dpeg_arrival_windows_large_door, layout_basic, serial_shops, shop,
          nrook_loot_triangle, chequers_serial_rivers_small_3
D:2:      layout_loops_ring, minmay_misc_feat_rows, chequers_arboretum,
          hangedman_decor_riveting
D:3:      layout_basic, mainiacjoe_overflow_alcove_4,
          dreamdust_ecumenical_altar_hidden_monk_grotto
D:4:      layout_loops_ring
D:5:      layout_gridville, gammafunk_temple_overflow_statue,
          gammafunk_ghost_hive, st_stairs_4, dreamdust_wishing_well
D:6:      layout_cave_pods, mainiacjoe_overflow_catwalk, uniq_grinder,
          uniq_duvessa, uniq_pikel, uniq_maggie
D:7:      layout_rooms, minmay_temple_entry_waves
D:8:      layout_loops_ring, mainiacjoe_overflow_big_doors,
          gammafunk_temple_overflow_elements, ebering_ghost_rock_garden,
          serial_shops, nicolae_square_shop
D:9:      layout_loops_ring, due_unseen_surprise
D:10:     layout_long_grid, overflow_temple_1_default, orc_0_dummy
D:11:     layout_irregular_city, minmay_lair_entry_grove, vehumet_altar_wand_db,
          uniq_fannar
Temple:   compressed_dpeg_triangle_lava_temple
Lair:1:   beast_lair_carwin_large_4, layout_cellular_growth
Orc:1:    layout_caves, serial_shops, shop, nicolae_shop_trees,
          nicolae_shop_stone, shop_coins, shop, uniq_nergalle, uniq_erica,
          uniq_maurice

Skill      XL: |  1  2  3  4  5  6  7  8  9 10 11 |
---------------+----------------------------------+-----
Conjurations   | 2 3 5 7 |  7.0
Spellcasting   | 3 4 5 7 8 |  8.7
Hexes          | 1 3 4 5 |  5.0
Fire Magic     | 4 5 6 7 |  7.5
Transmutations | 2 5 |  5.0
Earth Magic    | 2 5 |  5.0
Invocations    | 8 |  8.4
Dodging        | |  2.1
Stealth        | |  2.1

Action                   |  1- 3 |  4- 6 |  7- 9 | 10-12 || total
-------------------------+-------+-------+-------+-------++-------
Melee: Dagger            |    45 |    21 |    13 |    49 ||   128
       Unarmed           |     1 |       |       |       ||     1
       Whip              |     2 |       |       |       ||     2
       Long sword        |       |     9 |       |       ||     9
       Short sword       |       |       |       |     2 ||     2
 Cast: Foxfire           |    43 |    48 |    93 |   251 ||   435
       Inner Flame       |       |     3 |    21 |    98 ||   122
       Passwall          |       |       |       |     1 ||     1
Invok: Channel Magic     |       |       |       |     2 ||     2
  Use: Scroll            |       |     5 |     5 |     7 ||    17
       Potion            |       |     1 |     4 |     4 ||     9
 Stab: Sleeping          |     1 |       |     1 |       ||     2
Armor: Robe              |    20 |     5 |     6 |       ||    31
       Steam dragon scal |       |       |     6 |    30 ||    36
       Acid dragon scale |       |       |       |     4 ||     4
Dodge: Dodged            |    57 |    47 |    86 |   148 ||   338

Table legend: (Time is in decaauts)
 A = Elapsed time spent in this place.
 B = Non-inter-level travel time spent in this place.
 C = Inter-level travel time spent in this place.
 D = Time resting spent in this place.
 E = Time spent auto-exploring this place.
 F = Levels seen in this place.
 G = Mean time per level.
                   A        B        C        D        E       F      G
               +--------+--------+--------+--------+--------+-----+--------+
         Total |  14839 |  14147 |    692 |   3769 |   7390 |  14 | 1059.9 |
       Dungeon |  14505 |  13818 |    687 |   3769 |   7143 |  11 | 1318.6 |
        Temple |    272 |    268 |      4 |      0 |    224 |   1 |  272.0 |
          Lair |     28 |     28 |      0 |      0 |     12 |   1 |   28.0 |
  Orcish Mines |     32 |     32 |      0 |      0 |     11 |   1 |   32.0 |
               +--------+--------+--------+--------+--------+-----+--------+

Top non-repeatable levels by time:
     D:6: 2080 daAuts
     D:1: 1877 daAuts
    D:10: 1756 daAuts
     D:5: 1548 daAuts
     D:9: 1302 daAuts
     D:3: 1264 daAuts
     D:8: 1201 daAuts
     D:7: 982 daAuts
    D:11: 926 daAuts
     D:4: 785 daAuts
     D:2: 779 daAuts
  Temple: 272 daAuts
   Orc:1: 32 daAuts
  Lair:1: 28 daAuts
